PA
YELLOWKNIFE DRAGONBLOOD @ NEBRASKA PLAINSMEN
08/14/2021
 
TOP OF THE 1ST
Yellowknife Dragonblood batting - Pitching for Nebraska Plainsmen : RHP Lorenzo Aguilar
Pitching: RHP Lorenzo Aguilar
Batting: RHB Javier Chávez 0-0: Ball
1-0: Ball
2-0: Ball
3-0: Base on Balls
Batting: RHB Sancho Balderas 0-0: Called Strike
0-1: Called Strike
0-2: Fly out, F9 (Flyball, 9M)
Batting: LHB Carl Duncan 0-0: Called Strike
0-1: Swinging Strike
0-2: Ball
1-2: Foul Ball, location: 2F
1-2: Fly out, F8 (Flyball, 8LD)
Batting: LHB Jorge Garza 0-0: Ball
1-0: Ball
2-0: Called Strike
2-1: Ball
3-1: Called Strike
3-2: Strikes out swinging
Top of the 1st over - 0 run(s), 0 hit(s), 0 error(s), 1 left on base; Yellowknife 0 - Nebraska 0
BOTTOM OF THE 1ST
Nebraska Plainsmen batting - Pitching for Yellowknife Dragonblood : LHP Carlos Díaz
Pitching: LHP Carlos Díaz
Batting: RHB Young-hwan Hyon 0-0: DOUBLE (Line Drive, 6D)
Batting: RHB Zong-yuan Fung 0-0: Ball
Wild Pitch!
Young-hwan Hyon to third
1-0: Ball
2-0: Ball
3-0: Called Strike
3-1: Base on Balls
Batting: RHB Mike Thompson 0-0: Ball
1-0: Foul Ball, location: 2F
1-1: Ball
2-1: Called Strike
2-2: Grounds into double play, U4-3 (Groundball, 4)
Young-hwan Hyon scores
Batting: RHB Luis Aragón 0-0: Ball
1-0: Swinging Strike
1-1: Called Strike
1-2: Foul Ball, location: 2F
1-2: Foul Ball, location: 2F
1-2: Ball
2-2: Foul Ball, location: 2F
2-2: Strikes out swinging
Bottom of the 1st over - 1 run(s), 1 hit(s), 0 error(s), 0 left on base; Yellowknife 0 - Nebraska 1
TOP OF THE 2ND
Yellowknife Dragonblood batting - Pitching for Nebraska Plainsmen : RHP Lorenzo Aguilar
Batting: LHB Ángel Aguilar 0-0: Swinging Strike
0-1: Ball
1-1: Ball
2-1: Ball
3-1: Swinging Strike
3-2: Foul Ball, location: 2F
3-2: Strikes out swinging
Batting: RHB Miguel Uribe 0-0: Foul Ball, location: 2F
0-1: Called Strike
0-2: Foul Ball, location: 2F
0-2: Ball
1-2: Ball
2-2: SINGLE (Groundball, 6D)
Batting: RHB Rodriguo Condea 0-0: Ball
Miguel Uribe steals 2nd base
1-0: Ball
2-0: Ball
3-0: Called Strike
3-1: Base on Balls
Batting: RHB Jesús Hernández 0-0: Called Strike
0-1: Ball
1-1: DOUBLE (Line Drive, 5D)
Miguel Uribe scores
Rodriguo Condea to third
Batting: RHB Héctor Ruíz 0-0: Called Strike
0-1: Ball
1-1: Ball
2-1: Fly out, F7 (Flyball, 7M)
Runner from 3rd tags up, SCORES, throw made
Batting: RHB Javier Chávez 0-0: Ball
1-0: Ball
2-0: Swinging Strike
2-1: Ball
3-1: Base on Balls
Batting: RHB Sancho Balderas 0-0: Ball
1-0: Ball
2-0: Swinging Strike
2-1: Ball
3-1: Base on Balls
Jesús Hernández to third
Javier Chávez to second
Batting: LHB Carl Duncan 0-0: Ball
1-0: Ball
2-0: Called Strike
2-1: Foul Ball, location: 2F
2-2: Ball
3-2: Hit by Pitch
Jesús Hernández scores
Javier Chávez to third
Sancho Balderas to second
Batting: LHB Jorge Garza 0-0: Called Strike
0-1: Foul Ball, location: 2F
0-2: Strikes out looking
Top of the 2nd over - 3 run(s), 2 hit(s), 0 error(s), 3 left on base; Yellowknife 3 - Nebraska 1
BOTTOM OF THE 2ND
Nebraska Plainsmen batting - Pitching for Yellowknife Dragonblood : LHP Carlos Díaz
Batting: RHB Dani Trejo 0-0: Ground out 6-3 (Groundball, 6M)
Batting: SHB Javier Zumaya 0-0: SINGLE (Flyball, 7S)
Batting: LHB Pedro Gutiérrez 0-0: Called Strike
0-1: Ball
Pickoff Throw to First - Out!
1-1: Ground out U3 (Groundball, 3L)
Bottom of the 2nd over - 0 run(s), 1 hit(s), 0 error(s), 0 left on base; Yellowknife 3 - Nebraska 1
TOP OF THE 3RD
Yellowknife Dragonblood batting - Pitching for Nebraska Plainsmen : RHP Lorenzo Aguilar
Batting: LHB Ángel Aguilar 0-0: Ground out 4-3 (Groundball, 4M)
Batting: RHB Miguel Uribe 0-0: Ball
1-0: Swinging Strike
1-1: Ball
2-1: Fly out, F8 (Flyball, 8RM)
Batting: RHB Rodriguo Condea 0-0: Fly out, F3 (Popup, 2R)
Top of the 3rd over - 0 run(s), 0 hit(s), 0 error(s), 0 left on base; Yellowknife 3 - Nebraska 1
BOTTOM OF THE 3RD
Nebraska Plainsmen batting - Pitching for Yellowknife Dragonblood : LHP Carlos Díaz
Batting: SHB Jim Unknown 0-0: Swinging Strike
0-1: Ball
1-1: Called Strike
1-2: Ball
2-2: Strikes out looking
Batting: RHB Bartolo Benítez 0-0: Foul Ball, location: 2F
0-1: SINGLE (Line Drive, 4MD)
Batting: RHB Young-hwan Hyon 0-0: Ball
Bartolo Benítez is caught stealing 2nd base
1-0: Foul Ball, location: 2F
1-1: Ground out 5-3 (Groundball, 56)
Bottom of the 3rd over - 0 run(s), 1 hit(s), 0 error(s), 0 left on base; Yellowknife 3 - Nebraska 1
TOP OF THE 4TH
Yellowknife Dragonblood batting - Pitching for Nebraska Plainsmen : RHP Lorenzo Aguilar
Batting: RHB Jesús Hernández 0-0: Ball
1-0: Foul Ball, location: 2F
1-1: SINGLE (Line Drive, 4MD)
Batting: RHB Héctor Ruíz 0-0: Ball
1-0: Foul Ball, location: 2F
1-1: Ball
2-1: SINGLE (Groundball, 6MD)
Jesús Hernández to second
Batting: RHB Javier Chávez 0-0: Called Strike
0-1: Ball
1-1: Ball
2-1: Ground out 5-3 (Groundball, 56S)
Jesús Hernández to third
Héctor Ruíz to second
Batting: RHB Sancho Balderas 0-0: Called Strike
0-1: Swinging Strike
0-2: Ball
1-2: Strikes out swinging
Batting: LHB Carl Duncan 0-0: Ball
1-0: Ball
2-0: Called Strike
2-1: Foul Ball, location: 2F
2-2: Ball
3-2: SINGLE (Groundball, 6MD)
Jesús Hernández scores
Héctor Ruíz to third
Héctor Ruíz scores
Batting: LHB Jorge Garza 0-0: Ball
1-0: Called Strike
1-1: Foul Ball, location: 2F
1-2: Ball
2-2: Ball
3-2: Foul Ball, location: 2F
3-2: Foul Ball, location: 2F
3-2: Strikes out swinging
Top of the 4th over - 2 run(s), 3 hit(s), 0 error(s), 1 left on base; Yellowknife 5 - Nebraska 1
BOTTOM OF THE 4TH
Nebraska Plainsmen batting - Pitching for Yellowknife Dragonblood : LHP Carlos Díaz
Batting: RHB Zong-yuan Fung 0-0: Called Strike
0-1: Fly out, F9 (Flyball, 89S)
Batting: RHB Mike Thompson 0-0: Called Strike
0-1: Ball
1-1: SINGLE (Groundball, 6MD)
Batting: RHB Luis Aragón 0-0: Foul Ball, location: 2F
0-1: Swinging Strike
0-2: Strikes out looking
Batting: RHB Dani Trejo 0-0: Ball
1-0: SINGLE (Line Drive, 34D)
Mike Thompson to second
Throwing error, E9
Mike Thompson scores
Dani Trejo to second
Batting: SHB Javier Zumaya 0-0: Swinging Strike
0-1: Ball
Wild Pitch!
Dani Trejo to third
1-1: Ball
2-1: Called Strike
2-2: 2-RUN HOME RUN (Flyball, 7LD), Distance : 362 ft
Batting: LHB Pedro Gutiérrez 0-0: Ground out 1-3 (Groundball, 13)
Bottom of the 4th over - 3 run(s), 3 hit(s), 1 error(s), 0 left on base; Yellowknife 5 - Nebraska 4
TOP OF THE 5TH
Yellowknife Dragonblood batting - Pitching for Nebraska Plainsmen : RHP Lorenzo Aguilar
Batting: LHB Ángel Aguilar 0-0: Ball
1-0: Foul Ball, location: 2F
1-1: Ball
2-1: Ball
3-1: Base on Balls
Batting: RHB Miguel Uribe 0-0: Swinging Strike
0-1: Swinging Strike
0-2: Ball
1-2: DOUBLE (Line Drive, 7LM)
Ángel Aguilar to third
Batting: RHB Rodriguo Condea 0-0: Intentional Walk
Batting: RHB Jesús Hernández 0-0: Reached on error, E5 (Groundball, 5S)
Ángel Aguilar scores
Miguel Uribe to third
Rodriguo Condea to second
Batting: RHB Héctor Ruíz 0-0: Ball
1-0: Called Strike
1-1: SINGLE (Flyball, 9LM)
Miguel Uribe scores
Rodriguo Condea to third
Jesús Hernández to second
Pitching: LHP Freek Belt
Batting: RHB Javier Chávez 0-0: Ground out 5-3 (Groundball, 56S)
Rodriguo Condea scores
Jesús Hernández to third
Héctor Ruíz to second
Batting: RHB Sancho Balderas 0-0: Ball
1-0: Foul Ball, location: 2F
1-1: Ball
2-1: Ground out 5-3 (Groundball, 5S)
Batting: LHB Carl Duncan 0-0: Intentional Walk
Batting: LHB Jorge Garza 0-0: Foul Ball, location: 2F
0-1: Foul Ball, location: 2F
0-2: Ball
1-2: Ball
2-2: Strikes out swinging
Top of the 5th over - 3 run(s), 2 hit(s), 1 error(s), 3 left on base; Yellowknife 8 - Nebraska 4
BOTTOM OF THE 5TH
Nebraska Plainsmen batting - Pitching for Yellowknife Dragonblood : LHP Carlos Díaz
Batting: SHB Jim Unknown 0-0: Called Strike
0-1: Called Strike
0-2: Ball
1-2: Foul Ball, location: 2F
1-2: Ball
2-2: SINGLE (Groundball, 4S)
Batting: RHB Bartolo Benítez 0-0: Ground out 4-3 (Groundball, 4M)
Jim Unknown to second
Batting: RHB Young-hwan Hyon 0-0: Called Strike
0-1: Ball
1-1: Ball
2-1: Ball
3-1: Fly out, F3 (Popup, 3F)
Batting: RHB Zong-yuan Fung 0-0: Ground out 4-3 (Groundball, 13)
Bottom of the 5th over - 0 run(s), 1 hit(s), 0 error(s), 1 left on base; Yellowknife 8 - Nebraska 4
TOP OF THE 6TH
Yellowknife Dragonblood batting - Pitching for Nebraska Plainsmen : LHP Freek Belt
Batting: LHB Ángel Aguilar 0-0: Swinging Strike
0-1: Ball
1-1: Ball
2-1: Swinging Strike
2-2: Foul Ball, location: 2F
2-2: Foul Ball, location: 2F
2-2: Ground out 4-3 (Groundball, 4MS)
Batting: RHB Miguel Uribe 0-0: Ball
1-0: Swinging Strike
1-1: Ball
2-1: Ball
3-1: Foul Ball, location: 2F
3-2: Foul Ball, location: 2F
3-2: Strikes out swinging
Batting: RHB Rodriguo Condea 0-0: Ball
1-0: Called Strike
1-1: Ground out 6-3 (Groundball, 6)
Top of the 6th over - 0 run(s), 0 hit(s), 0 error(s), 0 left on base; Yellowknife 8 - Nebraska 4
BOTTOM OF THE 6TH
Nebraska Plainsmen batting - Pitching for Yellowknife Dragonblood : LHP Carlos Díaz
Batting: RHB Mike Thompson 0-0: Swinging Strike
0-1: SINGLE (Line Drive, 4M)
Batting: RHB Luis Aragón 0-0: Called Strike
0-1: Swinging Strike
0-2: Ball
1-2: Strikes out swinging
Batting: RHB Dani Trejo 0-0: Swinging Strike
0-1: Ball
1-1: Ball
2-1: SINGLE (Flyball, 7LS)
Mike Thompson to second
Batting: SHB Javier Zumaya 0-0: Ball
1-0: Foul Ball, location: 2F
1-1: Called Strike
1-2: Fielders Choice at 2nd, 1-4 (Groundball, 15)
Mike Thompson to third
Batting: LHB Pedro Gutiérrez 0-0: Called Strike
0-1: Fly out, F8 (Flyball, 8LM)
Bottom of the 6th over - 0 run(s), 2 hit(s), 0 error(s), 2 left on base; Yellowknife 8 - Nebraska 4
TOP OF THE 7TH
Yellowknife Dragonblood batting - Pitching for Nebraska Plainsmen : LHP Freek Belt
Batting: RHB Jesús Hernández 0-0: Called Strike
0-1: Ball
1-1: SINGLE (Groundball, 4M)
Batting: RHB Héctor Ruíz 0-0: Ball
1-0: Bunt missed!
1-1: Bunted foul
1-2: Foul Ball, location: 2F
1-2: Ball
Jesús Hernández is caught stealing 2nd base
2-2: Strikes out swinging
Batting: RHB Javier Chávez 0-0: Ball
1-0: SINGLE (Line Drive, 6M)
Batting: RHB Sancho Balderas 0-0: Ball
1-0: Foul Ball, location: 2F
1-1: Called Strike
1-2: Foul Ball, location: 2F
1-2: Ball
2-2: Reached on error, E4 (Groundball, 4)
Javier Chávez to third
Batting: LHB Carl Duncan 0-0: Intentional Walk
Pitching: RHP Godfrey Burghardt
Batting: LHB Jorge Garza 0-0: Called Strike
0-1: Foul Ball, location: 2F
0-2: Ball
Wild Pitch!
Javier Chávez scores
Sancho Balderas to third
Carl Duncan to second
1-2: Ball
2-2: Ball
3-2: SINGLE (Line Drive, 4MD)
Sancho Balderas scores
Carl Duncan to third
Carl Duncan scores
Batting: LHB Ángel Aguilar 0-0: Ball
1-0: Called Strike
1-1: Ball
2-1: Fly out, F7 (Flyball, 78D)
Top of the 7th over - 3 run(s), 3 hit(s), 1 error(s), 1 left on base; Yellowknife 11 - Nebraska 4
BOTTOM OF THE 7TH
Nebraska Plainsmen batting - Pitching for Yellowknife Dragonblood : LHP Carlos Díaz
Batting: SHB Jim Unknown 0-0: Called Strike
0-1: Ball
1-1: Ball
2-1: Fly out, F6 (Popup, 56)
Batting: RHB Bartolo Benítez 0-0: Ball
1-0: Ball
2-0: Swinging Strike
2-1: Swinging Strike
2-2: Strikes out swinging
Batting: RHB Young-hwan Hyon 0-0: SINGLE (Line Drive, 4MD)
Batting: RHB Zong-yuan Fung 0-0: Ball
1-0: Called Strike
1-1: Ball
2-1: Fly out, F6 (Line Drive, 6)
Bottom of the 7th over - 0 run(s), 1 hit(s), 0 error(s), 1 left on base; Yellowknife 11 - Nebraska 4
TOP OF THE 8TH
Yellowknife Dragonblood batting - Pitching for Nebraska Plainsmen : RHP Godfrey Burghardt
Batting: RHB Miguel Uribe 0-0: Ball
1-0: SINGLE (Groundball, 56)
Batting: RHB Rodriguo Condea 0-0: Foul Ball, location: 2F
0-1: Ball
1-1: Called Strike
1-2: Grounds into double play, 6-4-3 (Groundball, 6)
Batting: RHB Jesús Hernández 0-0: Ground out 6-3 (Groundball, 6)
Top of the 8th over - 0 run(s), 1 hit(s), 0 error(s), 0 left on base; Yellowknife 11 - Nebraska 4
BOTTOM OF THE 8TH
Nebraska Plainsmen batting - Pitching for Yellowknife Dragonblood : LHP Carlos Díaz
Now at 2B: Curt Johnston
Batting: RHB Mike Thompson 0-0: Called Strike
0-1: Ball
1-1: DOUBLE (Line Drive, 7LM)
Batting: RHB Luis Aragón 0-0: Ball
1-0: Swinging Strike
1-1: Ground out 4-3 (Groundball, 4)
Mike Thompson to third
Batting: RHB Dani Trejo 0-0: Ball
1-0: Called Strike
1-1: Foul Ball, location: 2F
1-2: Ball
2-2: Foul Ball, location: 2F
2-2: Foul Ball, location: 2F
2-2: Ball
3-2: Base on Balls
Batting: SHB Javier Zumaya 0-0: Ball
1-0: Ball
2-0: Called Strike
2-1: Swinging Strike
2-2: Strikes out swinging
Batting: LHB Pedro Gutiérrez 0-0: Called Strike
0-1: Fly out, F7 (Flyball, 78M)
Bottom of the 8th over - 0 run(s), 1 hit(s), 0 error(s), 2 left on base; Yellowknife 11 - Nebraska 4
TOP OF THE 9TH
Yellowknife Dragonblood batting - Pitching for Nebraska Plainsmen : RHP Godfrey Burghardt
Pitching: LHP Jim Unknown
Batting: RHB Héctor Ruíz 0-0: Foul Ball, location: 2F
0-1: Called Strike
0-2: Ball
1-2: Ball
2-2: Fly out, F9 (Flyball, 9S)
Batting: RHB Javier Chávez 0-0: Ball
1-0: Ball
2-0: Ball
3-0: Base on Balls
Batting: RHB Sancho Balderas 0-0: Called Strike
0-1: Ball
1-1: Ball
2-1: Swinging Strike
2-2: Strikes out looking
Batting: LHB Carl Duncan 0-0: Ball
1-0: Called Strike
1-1: Ground out 4-3 (Groundball, 4)
Top of the 9th over - 0 run(s), 0 hit(s), 0 error(s), 1 left on base; Yellowknife 11 - Nebraska 4
BOTTOM OF THE 9TH
Nebraska Plainsmen batting - Pitching for Yellowknife Dragonblood : LHP Carlos Díaz
Now at 1B: Gabriel Córdova
Batting: SHB Jim Unknown 0-0: Called Strike
0-1: Ball
1-1: Swinging Strike
1-2: Ball
2-2: Ball
3-2: SINGLE (Line Drive, 56D)
Batting: RHB Bartolo Benítez 0-0: Foul Ball, location: 2F
0-1: Ball
1-1: Ball
2-1: SINGLE (Line Drive, 8RS)
Jim Unknown to second
Runner from 2nd tries for 3rd, SAFE, no throw or cutoff
Batting: RHB Young-hwan Hyon 0-0: Ball
1-0: Foul Ball, location: 2F
1-1: Ball
2-1: Called Strike
2-2: Ball
Balk!
Jim Unknown scores
Bartolo Benítez to second
3-2: Base on Balls
Pitching: RHP Ryan Bentley
Batting: RHB Zong-yuan Fung 0-0: Ball
1-0: Ball
2-0: Swinging Strike
2-1: Foul Ball, location: 2F
2-2: Strikes out swinging
Batting: RHB Mike Thompson 0-0: Ball
1-0: Fly out, F7 (Flyball, 78M)
Batting: RHB Luis Aragón 0-0: Fly out, F8 (Flyball, 8RS)
Bottom of the 9th over - 1 run(s), 2 hit(s), 0 error(s), 2 left on base; Yellowknife 11 - Nebraska 5
This league is powered by Out of the Park Baseball, the baseball management simulation game for PC, Mac and Linux
Friday, January 22nd, 2016 - OOTP Baseball 16.9 Build 39